 Dungeon Crawl Stone Soup version bcrawl-1.28.1b (webtiles) character file.

Game seed: 7819006780815870409

377749 Adamkad1 the Grappler (level 12, -2/104 HPs)
             Began as a Pale Draconian Transmuter on Dec 12, 2020.
             Was a Priest of Sif Muna.
             Slain by a black mamba (17 damage)
             ... on level 3 of the Lair of Beasts.
             The game lasted 00:33:21 (15242 turns).

Adamkad1 the Grappler (Pale Draconian Transmuter)  Turns: 15242, Time: 00:33:22

Health: -2/104     AC:  2    Str: 18    XL:     12   Next: 71%
Magic:  22/22      EV: 29    Int: 13    God:    Sif Muna [***...]
Gold:   1950       SH:  0    Dex: 21    Spells: 7/25 levels left

rFire    . . .     SeeInvis .     - Fangs (venom) (25.2)
rCold    . . .     Gourm    .   (shield currently unavailable)
rNeg     . . .     Faith    .   (armour unavailable)
rPois    .         Spirit   .   (helmet currently unavailable)
rElec    +         Reflect  .   (cloak currently unavailable)
rCorr    .         Harm     .   (gloves currently unavailable)
MR       .....                  (boots currently unavailable)
Stlth    +.........             y - amulet of rage
HPRegen  0.27/turn              p - ring "Jothrafixt" {Dex+4 Stlth--} (curse)
MPRegen  0.18/turn              I - ring "Ilit Cefo" {+Fly rElec rPois MR- Stlth+}

@: spider-form
A: tiny, (breathe steam), unfitting armour, AC +8
a: End Transformation, Divine Energy, Channel Magic, Renounce Religion, Evoke
Berserk Rage, Evoke Flight


You were on level 3 of the Lair of Beasts.
You worshipped Sif Muna.
Sif Muna was most pleased with you.
You were hungry.
You were a venomous arachnid creature.
You visited 3 branches of the dungeon, and saw 14 of its levels.

You collected 2522 gold pieces.
You spent 572 gold pieces at shops.

Inventory:

Hand Weapons
 P - the +9 war axe of Glory {holy, MR+, unknown}
   (You found it on level 1 of the Lair of Beasts)

   It has been blessed by the Shining One to cause great damage to the undead
   and demons.
   It affects your resistance to hostile enchantments.
 Q - the +10 rapier of Gehenna {pierce, rC+ SInv, unknown}
   (You found it on level 2 of the Lair of Beasts)

   It will always inflict at least some extra damage.
   This minimum extra damage increases with your current reserve of magical
   power.
   It protects you from cold.
   It lets you see invisible.
Missiles
 a - 1561 arrows
Armour
 o - a +0 pair of boots (melded)
 B - a +0 troll leather armour
Magical Staves
 A - an uncursed staff of summoning
 D - an uncursed staff of air
Jewellery
 p - the cursed ring "Jothrafixt" (left front leg) {Dex+4 Stlth--}
   (You found it on level 3 of the Dungeon)

   [ring of attention]

   It affects your dexterity (+4).
   It makes you much less stealthy.
   It has a curse placed upon it.
 v - an uncursed ring of protection from cold
 y - an amulet of rage (around neck)
 I - the ring "Ilit Cefo" (right front leg) {+Fly rElec rPois MR- Stlth+}
   (You acquired it on level 8 of the Dungeon)

   [ring of poison resistance]

   It insulates you from electricity.
   It protects you from poison.
   It affects your resistance to hostile enchantments.
   It lets you fly.
   It makes you more stealthy.
 J - a cursed -5 ring of protection {unknown}
 N - a +3 amulet of reflection {unknown}
 R - an uncursed ring of protection from magic {unknown}
 W - an uncursed ring of protection from magic {unknown}
Wands
 b - a wand of flame (44)
 i - a wand of digging (8)
 C - a wand of paralysis (9)
 F - a wand of iceblast (19)
 L - a wand of clouds (12)
Scrolls
 c - 2 scrolls of immolation {unknown}
 f - 2 scrolls of teleportation
 j - 4 scrolls of enchant armour {unknown}
 l - 4 scrolls of amnesia {unknown}
 n - 3 scrolls of fear {unknown}
 r - 7 scrolls of identify
 t - 5 scrolls of remove curse {unknown}
 G - a scroll of enchant weapon {unknown}
 H - 3 scrolls of fog {unknown}
 K - 2 scrolls of summoning {unknown}
 O - a scroll of silence {unknown}
 V - a scroll of blinking
Potions
 g - 4 potions of heal wounds {unknown}
 h - 2 potions of degeneration {unknown}
 k - a potion of brilliance {unknown}
 m - 3 potions of flight {unknown}
 q - 3 potions of resistance {unknown}
 s - 2 potions of ambrosia {unknown}
 u - a potion of magic {unknown}
 w - 2 potions of cancellation {unknown}
 x - 3 potions of might {unknown}
 z - 4 potions of lignification
 E - a potion of invisibility {unknown}
 M - a potion of mutation {unknown}
 S - a potion of haste
Miscellaneous
 T - a phial of floods
Comestibles
 e - 20 rations {!d}
 U - 2 chunks of flesh


   Skills:
 + Level 9.2 Fighting
 + Level 8.1 Dodging
 + Level 12.8 Unarmed Combat
 + Level 7.0 Spellcasting
 + Level 0.8 Charms
 * Level 10.2 Transmutations
 - Level 2.7 Poison Magic
 - Level 0.3 Evocations


You had 7 spell levels left.
You knew the following spells:

 Your Spells              Type           Power        Failure   Level  Hunger
a - Beastly Appendage     Tmut           ####..       2%          1    None
b - Sticks to Snakes      Tmut           ####....     3%          2    None
c - Passwall              Tmut/Erth      ###.....     10%         2    None
d - Spider Form           Tmut/Pois      ###          11%         3    None
e - Ice Form              Ice/Tmut       ###.....     38%         4    ####...
f - Blade Hands           Tmut           ####......   17%         5    #####..
g - Infusion              Chrm           #.......     26%         1    None

Your spell library contained the following spells:

 Spells                   Type           Power        Failure   Level  Hunger
 Throw Frost              Conj/Ice       #.....       19%         2    None
 Apportation              Tloc           #.....       34%         1    None
 Freeze                   Ice            #.....       34%         1    None
 Sandblast                Erth           #.....       34%         1    None
 Slow                     Hex            #.......     34%         1    None
 Summon Butterflies       Summ           #.......     34%         1    None
 Yara's Violent Unravell  Hex/Tmut       ###.......   38%         4    ####...
 Mephitic Cloud           Conj/Pois/Air  #.......     52%         3    None
 Ozocubu's Armour         Chrm/Ice       #.......     58%         3    None
 Call Canine Familiar     Summ           #.......     63%         3    None
 Summon Scorpions         Summ/Pois      #.......     83%         4    ####...
 Force Lance              Tloc           #.......     94%         4    ####...
 Summon Ice Beast         Ice/Summ       #.......     94%         4    ####...
 Throw Icicle             Conj/Ice       #.......     94%         4    ####...
 Bolt of Magma            Conj/Fire/Erth #.........   99%         5    #####..
 Infestation              Hex/Tmut/Pois  ###......    99%         6    ######.
 Controlled Blink         Tloc           #.......     100%        7    #######
 Mana Rupture             Conj/Hex       #.........   100%        7    #######
 Chain Lightning          Conj/Air       #.........   100%        8    #######
 Ignition                 Fire           #.........   100%        8    #######


Dungeon Overview and Level Annotations

Branches:
Dungeon (10/12)            Temple (1/1) D:6            Lair (3/6) D:7
 Shoals (0/3) Lair:2        Snake (0/3) Lair:2          Orc (0/1) D:10

Altars:
Ashenzari
Cheibriados
Dithmenos
Elyvilon
Fedhas
Gozag
Hepliaklqana
Kikubaaqudgha
Lugonu
Makhleb
Nemelex Xobeh
Okawaru
Qazlal
Ru
Sif Muna
Trog
Uskayaw
Vehumet
Wu Jian
Xom
Yredelemnul
Zin
The Shining One

Shops:
D:6 !   D:8 ?   D:10 =

Annotations:
D:2 Sigmund
D:5 3 runed translucent doors, Banto's ghost, novice DrTm; yrara's ghost, amateur DsFi
D:8 2 transporters


Innate Abilities, Weirdness & Mutations

((You can breathe blasts of scalding, opaque steam.))
((Your pale cyan-grey scales are hard. (AC +8)))
You cannot fit into any form of body armour.
((You are cold-blooded and may be slowed by cold attacks.))


Message History

You kill the anaconda!
Sif Muna accepts your kill. The black mamba completely misses you.
The spriggan completely misses you. The black mamba completely misses you.
You completely miss the black mamba.
The black mamba is moderately wounded.
The black mamba bites you!! The spriggan misses you.
You hit the spriggan.
The spriggan is poisoned.
The spriggan is moderately wounded.
The black mamba completely misses you.
The spriggan hits you with a +0 short sword!
* * * LOW HITPOINT WARNING * * *
The black mamba bites you!
* * * LOW HITPOINT WARNING * * *
The black mamba closely misses you. The black mamba closely misses you.
The spriggan hits you with a +0 short sword!
* * * LOW HITPOINT WARNING * * *
You feel better. The black mamba bites you!
You die...

#P...♣.. ##..♣.... #...♣....
#####.♣..... ####
#####.##...P.... ##
###..####..#).##........
#P##......#...#.....♣..P...
#..........i..........P...P
####........sS............P..
#.#....#####..###.###........
##....## ##..######.♣......
###....## #### #...♣......
#.......#### ###..♣.....
###..#.#.#..P## #..♣♣....
#..#..#.#....P#### ######.......P
##...#.##....###.###.P##......♣P.
....#######...#...............♣.♣


You could see a black mamba and a spriggan.

Vanquished Creatures
  Gastronok (Lair:1)
  An anaconda (Lair:3)
  Erica (D:9)
  An unseen horror (D:9)
  Pikel (D:8)
  An ugly thing (D:7)
  A manticore (D:10)
  A wolf spider zombie (D:6)
  3 centaur skeletons
  A rime drake (Lair:2)
  A komodo dragon (Lair:3)
  A queen bee (Lair:2)
  5 trolls
  A polar bear (Lair:2)
  Grinder (D:6)
  A blink frog (Lair:2)
  A hornet (D:8)
  7 hippogriffs
  A spriggan (D:8)
  14 yaks
  4 wyverns
  5 basilisks
  Grum (D:8)
  3 steam dragons
  3 nagas (Lair:2)
  3 crocodiles
  A warg (D:9)
  7 water moccasins
  Duvessa (D:7)
  2 porcupines
  2 orc warriors
  3 sky beasts
  2 phantoms
  3 ice beasts
  A black bear (D:8)
  6 ogres
  A necrophage (D:6)
  An eye of draining (D:8)
  8 wolves
  3 centaurs
  5 bullfrogs
  A gnoll sergeant (D:8)
  Dowan (D:7)
  4 wights (D:8)
  27 killer bees (Lair:2)
  2 howler monkeys
  8 crimson imps
  2 centaur zombies
  2 hounds
  4 orc priests
  2 bullfrog zombies
  5 orc wizards
  5 iguanas
  Terence (D:3)
  Natasha (D:4)
  4 worker ants
  A hell rat (Lair:2)
  A hound zombie (D:3)
  A hound skeleton (D:3)
  A worker ant zombie (D:4)
  Robin (D:4)
  4 gnolls (D:8)
  A howler monkey skeleton (D:7)
  13 adders
  A shadow imp (D:7)
  2 oozes
  2 adder zombies
  3 adder skeletons
  3 worms
  9 dart slugs
  4 leopard geckos
  33 orcs
  5 giant cockroaches
  18 goblins
  6 hobgoblins
  13 jackals
  5 quokkas
  2 ball pythons
  A ball python skeleton (D:3)
  A ball python zombie (D:3)
  8 bats
  2 jackal skeletons
  8 kobolds
  4 quokka skeletons
  5 rats
337 creatures vanquished.

Vanquished Creatures (others)
  A hippogriff (D:8)
  2 fungi
  4 plants (Lair:2)
7 creatures vanquished.

Grand Total: 344 creatures vanquished

Notes
Turn   | Place    | Note
-------+----------+-------------------------------------------
     0 | D:1      | Adamkad1 the Draconian Transmuter began the quest for the
                  | Orb.
     0 | D:1      | Reached XP level 1. HP: 16/16 MP: 3/3
   142 | D:1      | Reached XP level 2. HP: 23/23 MP: 3/5
   426 | D:1      | Reached XP level 3. HP: 29/29 MP: 4/6
   429 | D:1      | Learned a level 2 spell: Sticks to Snakes
   432 | D:1      | Learned a level 2 spell: Passwall
   785 | D:2      | Found a radiant altar of Vehumet.
  1088 | D:2      | Noticed Sigmund
  1456 | D:2      | Reached XP level 4. HP: 24/36 MP: 5/7
  1654 | D:3      | Noticed Terence
  1676 | D:3      | Killed Terence
  1683 | D:3      | Got a steaming steel ring
  1714 | D:3      | Identified the cursed ring "Jothrafixt" {Dex+4 Stlth--}
                  | (You found it on level 3 of the Dungeon)
  1854 | D:3      | Reached skill level 4 in Unarmed Combat
  1964 | D:3      | Reached XP level 5. HP: 29/41 MP: 8/8
  2189 | D:3      | Noticed a phantom
  2339 | D:3      | Learned a level 3 spell: Spider Form
  2560 | D:3      | Killed a phantom
  2561 | D:3      | Reached XP level 6. HP: 16/50 MP: 10/10
  3127 | D:3      | Found a sparkling altar of Nemelex Xobeh.
  3411 | D:4      | Reached skill level 5 in Unarmed Combat
  3473 | D:4      | Your scales start taking on a pale cyan-grey colour.
  3473 | D:4      | Reached XP level 7. HP: 19/57 MP: 6/11
  3610 | D:4      | Noticed Robin
  3643 | D:4      | Killed Robin
  4100 | D:4      | Noticed Natasha
  4114 | D:4      | Killed Natasha
  4227 | D:4      | Reached skill level 6 in Unarmed Combat
  4577 | D:5      | Entered Level 5 of the Dungeon
  4785 | D:5      | Found a hazy altar of Hepliaklqana.
  4830 | D:5      | Reached XP level 8. HP: 47/66 MP: 13/13
  5006 | D:5      | Found a runed translucent gate.
  5008 | D:5      | Found a runed translucent gate.
  5009 | D:5      | Found a runed translucent gate.
  5015 | D:5      | Noticed yrara's ghost (amateur DsFi)
  5015 | D:5      | Noticed Banto's ghost (novice DrTm)
  5070 | D:5      | Reached skill level 7 in Unarmed Combat
  5366 | D:6      | Found a staircase to the Ecumenical Temple.
  5371 | D:6      | Reached skill level 1 in Poison Magic
  5372 | D:6      | Noticed a hippogriff
  5453 | D:5      | Learned a level 4 spell: Ice Form
  5473 | D:6      | Killed a hippogriff
  5493 | Temple   | Entered the Ecumenical Temple
  5926 | D:6      | Noticed Grinder
  5928 | D:6      | Found a white marble altar of Elyvilon.
  5936 | D:6      | Paralysed by Grinder for 3 turns
  5942 | D:6      | Killed Grinder
  5943 | D:6      | Reached skill level 5 in Fighting
  5943 | D:6      | Reached skill level 8 in Unarmed Combat
  5943 | D:6      | Reached skill level 5 in Transmutations
  5943 | D:6      | Reached XP level 9. HP: 74/74 MP: 13/15
  6119 | D:6      | Found Orchir's Distillery.
  6286 | D:6      | Found a basalt altar of Yredelemnul.
  6508 | D:6      | Found a bloodstained altar of Trog.
  6520 | D:6      | Found a shimmering blue altar of Sif Muna.
  6530 | D:6      | Became a worshipper of Sif Muna the Loreminder
  6543 | D:6      | Found a glowing golden altar of the Shining One.
  6575 | D:6      | Found a white marble altar of Elyvilon.
  6584 | D:6      | Found a shadowy altar of Dithmenos.
  6593 | D:6      | Found a burning altar of Makhleb.
  6602 | D:6      | Found a shattered altar of Ashenzari.
  6812 | D:7      | Noticed a troll
  6827 | D:7      | Killed a troll
  6828 | D:7      | Reached skill level 5 in Dodging
  6828 | D:7      | Reached skill level 9 in Unarmed Combat
  7326 | D:7      | Found a corrupted altar of Lugonu.
  7454 | D:7      | Noticed Dowan
  7459 | D:7      | Noticed Duvessa
  7464 | D:7      | Killed Dowan
  7476 | D:7      | Killed Duvessa
  7672 | D:7      | Found a basalt altar of Yredelemnul.
  8057 | D:7      | Reached XP level 10. HP: 46/83 MP: 12/16
  8147 | D:7      | Found a staircase to the Lair.
  8155 | D:7      | Reached skill level 10 in Unarmed Combat
  8252 | D:7      | Learned a level 5 spell: Blade Hands
  8350 | D:8      | Noticed a purple ugly thing
  8357 | D:7      | Reached * piety under Sif Muna
  8372 | D:7      | Killed a purple ugly thing
  8626 | D:8      | Found a corrupted altar of Lugonu.
  8626 | D:8      | Noticed a cyan ugly thing
  8627 | D:8      | Noticed a green ugly thing
  8704 | D:8      | Identified Sif Muna's Disquisition on Translocation and
                  | Poison (Sif Muna gifted it to you on level 8 of the
                  | Dungeon)
  8704 | D:8      | Received a gift from Sif Muna
  8755 | D:8      | Reached skill level 11 in Unarmed Combat
  8890 | D:8      | Found an opulent altar of Gozag.
  8892 | D:8      | Identified the Compendium of Igneous Calling
  8899 | D:8      | Noticed Grum
  8952 | D:8      | Noticed Pikel
  8956 | D:8      | Reached skill level 5 in Spellcasting
  8966 | D:8      | Found a transporter.
  8966 | D:8      | Found a transporter.
  9068 | D:8      | Killed Pikel
  9155 | D:8      | Killed Grum
  9156 | D:8      | Reached XP level 11. HP: 61/91 MP: 15/18
  9292 | D:8      | Found Fofaowikk's Magic Scroll Emporium.
  9300 | D:8      | Bought a scroll of acquirement for 572 gold pieces
  9300 | D:8      | Identified the ring "Ilit Cefo" {+Fly rElec rPois MR-
                  | Stlth+} (You acquired it on level 8 of the Dungeon)
  9300 | D:8      | Identified Zig Quaq's Almanac of the Aerial Compass (You
                  | acquired it on level 8 of the Dungeon)
  9311 | D:8      | Found a snail-covered altar of Cheibriados.
  9829 | D:9      | Found a hide-covered altar of Uskayaw.
  9832 | D:9      | Found a sacrificial altar of Ru.
  9843 | D:9      | Reached ** piety under Sif Muna
  9894 | D:9      | Killed an unseen horror
 10296 | D:9      | Noticed Erica
 10307 | D:9      | Killed Erica
 10308 | D:9      | Reached skill level 12 in Unarmed Combat
 10363 | D:9      | Found a shimmering blue altar of Sif Muna.
 10938 | D:10     | Entered Level 10 of the Dungeon
 10972 | D:10     | Found Zuraemuq's Jewellery Emporium.
 10988 | D:10     | Noticed a death knight
 11548 | D:10     | Found a staircase to the Orcish Mines.
 11549 | D:10     | Identified the +0 pair of gloves of Fortification {rC-
                  | Int-3 Dex+10 SInv} (You acquired it on level 10 of the
                  | Dungeon)
 12018 | Lair:1   | Entered Level 1 of the Lair of Beasts
 12436 | Lair:1   | Noticed Gastronok
 12463 | Lair:1   | Killed Gastronok
 12464 | Lair:1   | Identified Sif Muna's Volume of Enchanting Conjuration (Sif
                  | Muna gifted it to you on level 1 of the Lair of Beasts)
 12464 | Lair:1   | Received a gift from Sif Muna
 12464 | Lair:1   | Reached XP level 12. HP: 37/102 MP: 19/21
 12683 | Lair:1   | Got a brightly glowing war axe
 13415 | Lair:2   | Got a glimmering rapier
 13531 | Lair:2   | Found a staircase to the Snake Pit.
 13814 | Lair:2   | Found a staircase to the Shoals.
 14407 | Lair:2   | Reached skill level 10 in Transmutations
 14706 | Lair:3   | Learned a level 1 spell: Infusion
 14935 | Lair:3   | Reached *** piety under Sif Muna
 15218 | Lair:3   | Noticed an anaconda
 15235 | Lair:3   | Killed an anaconda
 15241 | Lair:3   | HP: 4/104 [spriggan/+0 short sword (13)]
 15242 | Lair:3   | Slain by a black mamba

Skill      XL: |  1  2  3  4  5  6  7  8  9 10 11 12 |
---------------+-------------------------------------+-----
Dodging        | 2 3 4 5 6 7 8 |  8.1
Fighting       | 2 3 4 5 6 8 9 |  9.2
Unarmed Combat | 4 5 6 8 9 11 12 | 12.8
Transmutations | 3 4 5 6 8 10 | 10.2
Spellcasting   | 3 4 5 6 7 |  7.0
Poison Magic   | 1 2 |  2.7
Charms         | |  0.8
Evocations     | |  0.3

Action                   |  1- 3 |  4- 6 |  7- 9 | 10-12 || total
-------------------------+-------+-------+-------+-------++-------
Melee: Unarmed           |   137 |   229 |   309 |   628 ||  1303
       Kick              |    10 |    20 |     8 |       ||    38
       Tailslap          |    17 |    24 |    20 |     1 ||    62
       Headbutt          |    11 |    15 |     3 |     1 ||    30
       Punch             |     1 |     4 |     1 |       ||     6
 Cast: Beastly Appendage |    23 |    30 |     9 |     2 ||    64
       Spider Form       |       |     5 |    32 |    12 ||    49
       Sticks to Snakes  |       |     2 |       |       ||     2
       Blade Hands       |       |       |       |     1 ||     1
 Abil: Breathe Steam     |       |       |     2 |       ||     2
       Evoke Berserk Rag |       |       |       |     3 ||     3
       End Transformatio |       |       |       |     2 ||     2
       Evoke Flight      |       |       |       |     1 ||     1
  Use: Scroll            |       |     1 |     4 |     7 ||    12
       Potion            |       |       |     2 |     3 ||     5
  Eat: Chunk             |     5 |     8 |    25 |    35 ||    73
       Ration            |       |     1 |     1 |     1 ||     3
Armor: Skin              |    54 |    47 |    50 |    20 ||   171
Dodge: Dodged            |   113 |   135 |   229 |   758 ||  1235
